 Dungeon Crawl Stone Soup version 0.24-a0-434-gd57e52fea8 (webtiles) character file.

Game seed: 1038169240127134033

2237 nikopol the Thaumaturge (level 9, -8/46 HPs)
             Began as a Deep Elf Fire Elementalist on June 16, 2019.
             Mangled by a killer bee (10 damage)
             ... on level 6 of the Dungeon.
             The game lasted 00:18:09 (7337 turns).

nikopol the Thaumaturge (DEFE)                      Turns: 7337, Time: 00:18:10

Health: -8/46      AC:  3    Str:  5    XL:     9   Next: 14%
Magic:  4/24       EV: 13    Int: 24    God:
Gold:   404        SH:  0    Dex: 15    Spells: 17/27 levels left

rFire    + . .     SeeInvis .   p - +2 short sword (protect)
rCold    . . .     Gourm    .   (no shield)
rNeg     . . .     Faith    .   a - +0 robe
rPois    .         Spirit   .   (no helmet)
rElec    .         Reflect  .   (no cloak)
rCorr    .         Harm     .   (no gloves)
MR       +....                  x - +0 pair of boots (curse)
Stlth    +++.......             (no amulet)
HPRegen  0.15/turn              h - ring of protection from fire
MPRegen  0.19/turn              s - ring of protection from magic

@: lethally poisoned (-8 -> -22)
A: no striking features
a: no special abilities


You were on level 6 of the Dungeon.
You were very hungry.

You visited 1 branch of the dungeon, and saw 6 of its levels.

You collected 404 gold pieces.

Inventory:

Hand Weapons
 p - a +2 short sword of protection (weapon)
Armour
 a - a +0 robe (worn)
 m - a +0 pair of boots
 x - a cursed +0 pair of boots (worn)
 E - a +0 ring mail of fire resistance
Jewellery
 h - a ring of protection from fire (left hand)
 s - a ring of protection from magic (right hand)
Wands
 q - a wand of random effects (19)
 y - a wand of acid (7)
Scrolls
 d - 2 scrolls of magic mapping {unknown}
 e - 4 scrolls of teleportation {unknown}
 f - a scroll of fear {unknown}
 g - 6 scrolls of identify {unknown}
 i - a scroll of blinking {unknown}
 j - 2 scrolls of amnesia {unknown}
 k - 2 scrolls of noise {unknown}
 n - 3 scrolls of enchant weapon {unknown}
 r - a scroll of immolation {unknown}
 t - 8 scrolls of remove curse {unknown}
 D - a scroll of fog {unknown}
Potions
 b - a potion of lignification {unknown}
 l - a potion of magic {unknown}
 o - 2 potions of berserk rage {unknown}
 u - a potion of ambrosia {unknown}
 v - a potion of agility {unknown}
 w - a potion of heal wounds
 z - a potion of cancellation {unknown}
 A - a potion of curing {unknown}
 B - a potion of degeneration {unknown}
 C - a potion of invisibility {unknown}
Comestibles
 c - 10 rations


   Skills:
 + Level 0.5 Fighting
 + Level 3.2 Dodging
 + Level 4.5 Stealth
 + Level 9.8 Spellcasting
 + Level 7.0 Conjurations
 + Level 7.9 Fire Magic


You had 17 spell levels left.
You knew the following spells:

 Your Spells              Type           Power        Failure   Level  Hunger
a - Flame Tongue          Conj/Fire      #####        1%          1    None
b - Throw Flame           Conj/Fire      #####.       1%          2    None
c - Conjure Flame         Conj/Fire      #####...     1%          3    None
d - Sticky Flame          Conj/Fire      #####...     2%          4    #......

Your spell library contained the following spells:

 Spells                   Type           Power        Failure   Level  Hunger
 Inner Flame              Hex/Fire       ####....     3%          3    None
 Fireball                 Conj/Fire      #####.....   7%          5    ####...


Dungeon Overview and Level Annotations

Branches:
Dungeon (6/15)
 Temple: D:4-7

Altars:
Ashenzari
Elyvilon
Nemelex Xobeh
Okawaru
Ru
Sif Muna

Shops:
D:5 *


Message History

The sticky flame hits the killer bee!
The killer bee is heavily wounded.
The killer bee is covered in liquid flames!
* * * LOW HITPOINT WARNING * * *
You feel sick.
The killer bee burns!
The killer bee barely misses you. The killer bee stings you.
* * * LOW HITPOINT WARNING * * *
The killer bee misses you. The killer bee stings you.
* * * LOW HITPOINT WARNING * * *
You are more poisoned.
The killer bee poisons you!
Casting: Sticky Flame (safe; 2% risk of failure)
Confirm with . or Enter, or press ? or * to list all spells.
Aiming: Sticky Flame (safe; 2% risk of failure)
Press: ? - help, Shift-Dir - straight line, f - killer bee, p - killer bee
Aim: a killer bee
Okay, then.
* * * LOW HITPOINT WARNING * * *
You feel sick.
The killer bee burns!
The killer bee stings you!
You die...

###.......#
######.........#
##..#..........## ###### #
#...............###.##.###.
##.........#.....#.........
##.....#..#....÷..........
###...#....#.............
#.....##y..#...#.........
##.....y@.....##.###.....
##...†##......#.........
#....##.....###........
####†###....# #.......#
#..†.###..# #..#....#
##...# #.# ##.#..... ....#
..# #......#. .....
..###....#### .#^....
.........#


You could see 2 killer bees.

Vanquished Creatures
  Grinder (D:3)
  Eustachio (D:6)
  An ice beast (D:6)
  2 sky beasts
  2 phantoms
  3 ogres
  2 centaurs (D:5)
  2 bullfrogs (D:6)
  2 scorpions
  4 killer bees (D:6)
  A bullfrog zombie (D:5)
  A crimson imp (D:6)
  2 hounds (D:4)
  2 jellies
  An iguana (D:4)
  An orc priest (D:4)
  Jessica (D:3)
  4 worker ants
  Natasha (thrice) (D:2)
  2 hound skeletons
  5 adders
  A shadow imp (D:5)
  3 adder zombies
  An adder skeleton (D:5)
  2 worms
  3 dart slugs
  2 leopard geckos
  14 orcs
  A ball python (D:1)
  7 giant cockroaches
  13 goblins
  6 hobgoblins
  2 jackals (D:1)
  15 kobolds
  A quokka (D:5)
  3 bats (D:1)
  7 frilled lizards
  A quokka skeleton (D:5)
  5 rats (D:2)
130 creatures vanquished.

Notes
Turn   | Place    | Note
-------+----------+-------------------------------------------
     0 | D:1      | nikopol the Deep Elf Fire Elementalist began the quest for
                  | the Orb.
     0 | D:1      | Reached XP level 1. HP: 10/10 MP: 6/6
   387 | D:1      | Reached XP level 2. HP: 15/15 MP: 4/8
   444 | D:1      | Found a shattered altar of Ashenzari.
  1079 | D:2      | Reached XP level 3. HP: 14/19 MP: 6/10
  1138 | D:1      | Learned a level 2 spell: Throw Flame
  1142 | D:1      | Learned a level 3 spell: Conjure Flame
  1270 | D:2      | Reached skill level 4 in Spellcasting
  1808 | D:2      | Reached XP level 4. HP: 24/24 MP: 8/12
  1999 | D:2      | Noticed Natasha
  2001 | D:2      | Killed Natasha
  2181 | D:2      | Noticed Natasha
  2187 | D:2      | Killed Natasha
  2413 | D:2      | Noticed Natasha
  2425 | D:2      | Killed Natasha
  2425 | D:2      | Reached XP level 5. HP: 9/28 MP: 5/14
  2434 | D:2      | Learned a level 4 spell: Sticky Flame
  2641 | D:3      | Noticed Grinder
  2644 | D:3      | Paralysed by Grinder for 4 turns
  2655 | D:3      | Killed Grinder
  2655 | D:3      | Reached skill level 5 in Spellcasting
  2655 | D:3      | Reached skill level 5 in Fire Magic
  2655 | D:3      | Reached XP level 6. HP: 10/32 MP: 8/16
  3106 | D:3      | Found a sparkling altar of Nemelex Xobeh.
  3193 | D:3      | Found a sacrificial altar of Ru.
  3322 | D:3      | Noticed a sky beast
  3390 | D:3      | Reached skill level 6 in Spellcasting
  3697 | D:3      | Killed a sky beast
  3697 | D:3      | Reached XP level 7. HP: 36/36 MP: 10/18
  3755 | D:3      | Found a faded altar of an unknown god.
  3983 | D:3      | Noticed Jessica
  3987 | D:3      | Killed Jessica
  4011 | D:3      | Found a deep blue altar of Sif Muna.
  4691 | D:4      | Reached skill level 7 in Spellcasting
  4763 | D:4      | Found an iron altar of Okawaru.
  4979 | D:4      | Reached skill level 5 in Conjurations
  5542 | D:5      | Entered Level 5 of the Dungeon
  5613 | D:5      | Reached skill level 8 in Spellcasting
  5613 | D:5      | Reached XP level 8. HP: 26/42 MP: 14/22
  6656 | D:5      | Reached skill level 9 in Spellcasting
  6677 | D:5      | Found Luesokh's Elemental Accessories.
  6876 | D:6      | Found a white marble altar of Elyvilon.
  7071 | D:6      | Noticed Eustachio
  7231 | D:6      | Killed Eustachio
  7231 | D:6      | Reached XP level 9. HP: 40/46 MP: 14/24
  7337 | D:6      | HP: 2/46 [poisoned by a killer bee]
  7337 | D:6      | Mangled by a killer bee

Levels and vault maps discovered:
D:1:      scummos_arrival_simple_crosswalls, layout_basic,
          chequers_serial_rivers_marsh, evilmike_ruin_ashenzari
D:2:      layout_basic, uniq_natasha
D:3:      layout_loops_corners, nicolae_overflow_crystal_walls,
          overflow_temple_1_default, tgw_sif, first_ration,
          chequers_ecumenical_altar_lobes, uniq_grinder
D:4:      layout_layer_cave, okawaru_gym_becter
D:5:      layout_basic, nicolae_elemental_shop,
          eino_small_chamber_without_monster
D:6:      layout_cave_pools, minmay_temple_entry_hall, chequers_arboretum,
          elyvilon_altar_3, uniq_menkaure, uniq_eustachio

Skill      XL: |  1  2  3  4  5  6  7  8  9 |
---------------+----------------------------+-----
Spellcasting   | 4 5 6 8 9 |  9.8
Conjurations   | 2 3 5 6 7 |  7.0
Fire Magic     | 4 5 6 7 |  7.9
Dodging        | 3 |  3.2
Stealth        | 3 4 |  4.5
Fighting       | |  0.5

Action                   |  1- 3 |  4- 6 |  7- 9 || total
-------------------------+-------+-------+-------++-------
Melee: Short sword       |       |       |     3 ||     3
 Cast: Flame Tongue      |    69 |    69 |   128 ||   266
       Throw Flame       |     1 |       |    19 ||    20
       Sticky Flame      |       |     1 |    21 ||    22
       Conjure Flame     |       |     1 |       ||     1
Evoke: Wand              |       |       |     1 ||     1
  Eat: Chunk             |     3 |     5 |    11 ||    19
Armor: Robe              |     6 |     3 |     7 ||    16
Dodge: Dodged            |    22 |     6 |    31 ||    59

Table legend:
 A = Non-vault XP
 B = Vault XP
 C = Vault XP percentage of total XP
 D = Non-vault monster count
 E = Vault monster count
 F = Vault count percentage of total count
                 A         B        C        D         E       F
            +---------+---------+-------+---------+---------+-------
      Total |    2666 |     530 |  16.6 |     126 |       4 |   3.1
            +---------+---------+-------+---------+---------+-------
        D:1 |      31 |       0 |   0.0 |      16 |       0 |   0.0
        D:2 |     148 |      35 |  19.1 |      32 |       1 |   3.0
        D:3 |     302 |     299 |  49.8 |      21 |       2 |   8.7
        D:4 |     605 |       0 |   0.0 |      20 |       0 |   0.0
        D:5 |     855 |       0 |   0.0 |      20 |       0 |   0.0
        D:6 |     725 |     196 |  21.3 |      17 |       1 |   5.6
            +---------+---------+-------+---------+---------+-------
